 Dungeon Crawl Stone Soup version 0.31.0-11-ge490571c62 (webtiles) character file.

Game seed: 6284500961680867635

330 Skitler the Magician (level 6, -2/44 HPs)
             Began as a Mummy Summoner on Jan 30, 2024.
             Killed from afar by a white imp (3 damage)
             ... with a puff of frost
             ... on level 4 of the Dungeon.
             The game lasted 00:10:01 (3070 turns).

Skitler the Magician (Mummy Summoner)               Turns: 3070, Time: 00:10:02

Health: -2/44      AC:  6    Str: 12    XL:     6   Next: 26%
Magic:  11/14      EV: 11    Int: 16    God:
Gold:   1          SH:  0    Dex: 10    Spells: 14/15 levels left

rFire   x . .        h - +6 flail "Pittel" {flame, rElec Dex-5 Stlth+}
rCold   + + .        (no shield)
rNeg    + + +        a - +0 robe
rPois   ∞            l - +0 helmet
rElec   +            (no cloak)
rCorr   .            j - +2 pair of gloves {Dex+3}
SInv    .            (no boots)
Will    .....        (no amulet)
Stlth   +++          f - ring of protection from cold
HPRegen 0.27/turn    (no ring)
MPRegen 0.14/turn

%: faith
@: no status effects
A: cold resistance 1, negative energy resistance 3, torment resistance 2, heat
vulnerability 1, in touch with death 1, no potions, faith
a: no special abilities


You were on level 4 of the Dungeon.
You visited 1 branch of the dungeon, and saw 5 of its levels.

You collected 158 gold pieces.
You spent 157 gold pieces at shops.

Inventory:

Hand Weapons
 b - a +0 dagger of venom
 h - the +6 flail "Pittel" (weapon) {flame, rElec Dex-5 Stlth+}
   (You found it on level 3 of the Dungeon)

   Dex-5:     It affects your dexterity (-5).
   rElec:     It insulates you from electricity.
   Stlth+:    It makes you more stealthy.
 m - a +5 dagger of venom
Armour
 a - a +0 robe (worn)
 j - a +2 pair of gloves of dexterity (worn)
 l - a +0 helmet (worn)
Jewellery
 f - a ring of protection from cold (left hand)
 k - a ring of ice
Scrolls
 c - a scroll of enchant weapon {unknown}
 d - a scroll of enchant armour {unknown}
 e - 2 scrolls of identify {unknown}
 g - 3 scrolls of blinking {unknown}
 i - a scroll of noise {unknown}
 n - a scroll of vulnerability {unknown}


   Skills:
 * Level 2.0 Fighting
 - Level 0.9 Short Blades
 + Level 0.3 Maces & Flails
 - Level 1.5 Dodging
 + Level 2.3 Stealth
 * Level 5.4 Spellcasting
 * Level 4.4 Summonings


You had 14 spell levels left.
You knew the following spells:

 Your Spells              Type           Power      Damage    Failure   Level
a - Summon Small Mammal   Summ           72%        N/A       2%          1

Your spell library contained the following spells:

 Spells                   Type           Power      Damage    Failure   Level
 Call Imp                 Summ           36%        N/A       3%          2
 Call Canine Familiar     Summ           18%        N/A       7%          3
 Ensorcelled Hibernation  Hex/Ice        8%         N/A       22%         2
 Fugue of the Fallen      Necr           6%         N/A       41%         3
 Ozocubu's Armour         Ice            4%         N/A       41%         3
 Passwall                 Erth           4%         N/A       41%         3
 Sigil of Binding         Hex            4%         N/A       41%         3
 Swiftness                Air            4%         N/A       41%         3
 Summon Blazeheart Golem  Fire/Summ      11%        N/A       52%         4
 Summon Lightning Spire   Summ/Air       11%        N/A       52%         4
 Dimensional Bullseye     Hex/Tloc       2%         N/A       82%         4
 Manifold Assault         Tloc           4%         N/A       82%         4


Dungeon Overview and Level Annotations

Branches:
Dungeon (5/15)
 Temple: D:4-7

Altars:

Shops:
D:1 [


Innate Abilities, Weirdness & Mutations

You are immune to poison.
Your flesh is cold resistant. (rC+)
You are immune to negative energy. (rN+++)
You are immune to unholy pain and torment.
You are vulnerable to heat. (rF-)
You are in touch with the powers of death.
You do not drink.
You have a special connection with the divine. (Faith)


Message History

The puff of frost hits you. You resist.
* * * LOW HITPOINT WARNING * * *
The white imp misses you.
Your quokka bites the white imp but does no damage.
Your rat bites the white imp.
You closely miss the white imp.
The white imp is almost dead.
Your quokka closely misses the white imp.
The white imp barely misses you.
The white imp hits you but does no damage.
Your rat bites the white imp but does no damage.
Unknown command.
You barely miss the white imp.
The white imp is almost dead.
Your quokka bites the white imp.
The white imp hits you.
* * * LOW HITPOINT WARNING * * *
The white imp freezes you. You resist.
* * * LOW HITPOINT WARNING * * *
The white imp hits your quokka. The white imp freezes your quokka.
Your quokka dies!
Your quokka's corpse disappears in a puff of smoke!
Your rat bites the white imp but does no damage.
The white imp hits you but does no damage.
Unknown command.
You closely miss the white imp.
The white imp is almost dead.
The white imp gestures at your rat. The puff of frost misses your rat.
Your rat bites the white imp but does no damage.
The white imp hits you but does no damage.
The white imp hits your rat.
Your rat dies!
Your rat's corpse disappears in a puff of smoke!
The white imp shouts, "Slither away, thou churlish sow-suckled vulture!"
You closely miss the white imp.
The white imp is almost dead.
The white imp closely misses you. The white imp gestures at you.
The puff of frost hits you. You resist.
You die...

#..)........
#....♣P.....
#.....PP♣##.
#.....P.♣
#.....P(♣
#.......#
#.....#.#
#..5§.#.#
#.@5..#.####
####........
#...........
........5.......
................
......##........
...... #........
...... .........
..... .........


You could see 2 white imps.

Vanquished Creatures
  2 scorpions
  An orc priest (D:4)
  An iguana (D:3)
  Natasha (D:2)
  2 adders (D:2)
  A shadow imp (D:4)
  3 white imps (D:4)
  A dart slug (D:1)
  A ribbon worm (D:2)
  3 ball pythons
  3 bats
  3 endoplasms
  A giant cockroach (D:2)
  4 goblins
  4 quokkas
  2 frilled lizards (D:1)
  3 kobolds
  A rat (D:2)
37 creatures vanquished.

Vanquished Creatures (collateral kills)
  Natasha (D:2)
  A shadow imp (D:4)
  2 orcs
  An endoplasm (D:2)
  A goblin (D:1)
  3 hobgoblins
  3 jackals (D:1)
  A kobold (D:4)
  A ball python (D:1)
  2 bats (D:1)
  A rat (D:2)
17 creatures vanquished.

Grand Total: 54 creatures vanquished

Notes
Turn   | Place    | Note
-------+----------+-------------------------------------------
     0 | D:1      | Skitler the Mummy Summoner began the quest for the Orb.
     0 | D:1      | Reached XP level 1. HP: 13/13 MP: 4/4
   203 | D:1      | Reached XP level 2. HP: 13/19 MP: 2/5
   242 | D:1      | You fall into a shaft and drop 1 floor!
   328 | D:2      | Reached skill level 3 in Spellcasting
   352 | D:2      | Noticed Natasha
   363 | D:2      | Killed Natasha
   364 | D:2      | Reached XP level 3. HP: 25/25 MP: 4/8
   608 | D:2      | Reached skill level 4 in Spellcasting
   892 | D:2      | Reached XP level 4. HP: 31/31 MP: 10/10
  1177 | D:1      | Reached skill level 1 in Fighting
  1298 | D:1      | Found Weluj's Antique Armour Boutique.
  1640 | D:2      | Noticed Natasha
  1661 | D:2      | Killed Natasha
  1969 | D:3      | Reached XP level 5. HP: 9/37 MP: 9/11
  2131 | D:3      | Identified the +6 flail "Pittel" {flame, rElec Dex-5
                  | Stlth+}
  2260 | D:1      | Bought a pair of runed gloves for 157 gold pieces
  2679 | D:5      | Entered Level 5 of the Dungeon
  2832 | D:4      | Reached skill level 5 in Spellcasting
  2838 | D:4      | Reached XP level 6. HP: 7/44 MP: 13/13
  3068 | D:4      | HP: 2/44 [white imp (3)]
  3070 | D:4      | Killed from afar by a white imp

Illustrated notes

Levels and vault maps discovered:
D:1:      amcnicky_arrival_blooded_trapdoor, layout_rooms, serial_shops,
          nicolae_shop_waterfront, hex_intersection
D:2:      layout_basic, uniq_natasha
D:3:      layout_basic, kennysheep_generic_room_7
D:4:      cheibrodos_pilgrimage, layout_basic, serial_shops,
          nicolae_shop_rolled_up, serial_demonic, serial_demonic_b,
          serial_demonic_b, serial_demonic_a, serial_demonic_c
D:5:      black_bear_nest_2, layout_basic, nicolae_overflow_two_pavilions,
          gammafunk_ghost_necromancy, minmay_statues_item,
          nicolae_twisty_statue_hallways

Skill      XL: |  1  2  3  4  5  6 |
---------------+-------------------+-----
Spellcasting   | 3 4 5 |  5.4
Fighting       | 1 2 |  2.0
Stealth        | 2 |  2.3
Summonings     | 4 |  4.4
Short Blades   | |  0.9
Maces & Flails | |  0.3
Dodging        | |  1.5

Action                     |  1- 3 |  4- 6 || total
---------------------------+-------+-------++-------
  Melee: Unarmed           |    17 |       ||    17
         Dagger            |    58 |    30 ||    88
         Punch             |     2 |       ||     2
         Flail             |       |    44 ||    44
   Cast: Summon Small Mamm |    24 |    29 ||    53
   Stab: Sleeping          |       |     2 ||     2
 Armour: Robe              |    45 |    88 ||   133
  Dodge: Dodged            |    52 |    48 ||   100
